 Dungeon Crawl Stone Soup version 0.23.1 (webtiles) character file.

Game seed: 2042107630330146846

22 doot the Grasshopper (level 2, -2/13 HPs)
             Began as a Felid Warper on Mar 19, 2019.
             Slain by a goblin
             ... wielding a +0 club
              (6 damage)
             ... on level 1 of the Dungeon.
             The game lasted 00:00:42 (572 turns).

doot the Grasshopper (Felid Warper)                  Turns: 572, Time: 00:00:43

Health: -2/13      AC:  1    Str:  7    XL:     2   Next: 68%
Magic:  6/6        EV: 19    Int: 14    God:
Gold:   35         SH:  0    Dex: 15    Spells: 1/5 levels left
                                        Lives:  0   Deaths: 0

rFire    . . .     SeeInvis +     - Unarmed
rCold    . . .     Gourm    .   (shield unavailable)
rNeg     . . .     Faith    .   (armour unavailable)
rPois    .         Spirit   .   (helmet unavailable)
rElec    .         Reflect  .   (cloak unavailable)
rCorr    .         Harm     .   (gloves unavailable)
MR       .....                  (boots unavailable)
Stlth    ++........             (no amulet)
HPRegen  0.04/turn              (no ring)
MPRegen  0.10/turn              (no ring)

@: quick
A: very small, no armour, no weapons or thrown items, stealth, claws 1, fangs 3,
see invisible, carnivore, speed 1, shaggy fur 1, slow metabolism 1, sharp paws
a: no special abilities


You were on level 1 of the Dungeon.
You were not hungry.

You visited 1 branch of the dungeon, and saw 1 of its levels.

You collected 35 gold pieces.

Inventory:

Scrolls
 a - a scroll of identify {unknown}
 b - 2 scrolls of blinking
 d - 2 scrolls of remove curse {unknown}
 e - a scroll of enchant weapon {unknown}
Potions
 f - a potion of lignification {unknown}
 g - a potion of curing {unknown}
Comestibles
 c - 2 rations


   Skills:
 + Level 2.1 Fighting
 + Level 3.7 Dodging
 + Level 0.4 Stealth
 + Level 2.5 Unarmed Combat
 + Level 2.1 Spellcasting
 + Level 4.5 Translocations


You had one spell level left.
You knew the following spells:

 Your Spells              Type           Power        Failure   Level  Hunger
a - Blink                 Tloc           N/A          5%          2    ###....
b - Shroud of Golubria    Chrm/Tloc      #.........   14%         2    ###....

Your spell library contained the following spells:

 Spells                   Type           Power        Failure   Level  Hunger
 Gell's Gravitas          Tloc           ##........   11%         3    ####...
 Lesser Beckoning         Tloc           ##........   11%         3    ####...
 Teleport Other           Tloc           ##......     11%         3    ####...
 Passage of Golubria      Tloc           N/A          34%         4    #####..


Dungeon Overview and Level Annotations

Branches:
Dungeon (1/15)

Altars:


Innate Abilities, Weirdness & Mutations

You cannot wear armour.
You are incapable of wielding weapons or throwing items.
Your paws allow you to move quietly. (Stealth)
You have sharp claws.
You have razor-sharp teeth.
You have supernaturally acute eyesight. (SInv)
You are carnivorous and can eat meat at any time.
You cover ground quickly.
You are covered in fur. (AC +1)
You have a slow metabolism.
Your sharp claws are effective at attacking unaware monsters.


Message History

The kobold completely misses you.
The leopard gecko hisses angrily.
You scratch the kobold but do no damage.
You bite the kobold.
You kill the kobold!
You scratch the goblin.
The goblin is severely wounded.
The goblin barely misses you.
You scratch the goblin.
You kill the goblin!
The goblin barely misses you.
You barely miss the goblin. The goblin completely misses you.
The goblin misses you.
You closely miss the leopard gecko. The leopard gecko closely misses you.
The goblin closely misses you. The goblin hits you but does no damage.
You barely miss the leopard gecko. The leopard gecko misses you.
The goblin misses you.
You closely miss the leopard gecko. The leopard gecko closely misses you.
The goblin hits you with a +0 club. x2
You die...

# #..†.## .. #....##
#...###### #######....##
.........###............
#..g##..............####
........###.#.#.##.# #
####.#.#.###.#......####
.......l................
......†@..............##
.......gg........####.#
..##..##...###.#.# #.#
#.. #.......#.# #.## #.
#...###...####.## ..
...............## ..
#..#####..######. ...
..# ##.###.... #.##.....


You could see a leopard gecko and 2 goblins.

Vanquished Creatures
  An ooze (D:1)
  A leopard gecko (D:1)
  A ball python (D:1)
  A giant cockroach (D:1)
  2 goblins (D:1)
  4 hobgoblins (D:1)
  A bat (D:1)
  A frilled lizard (D:1)
  2 kobolds (D:1)
  2 rats (D:1)
16 creatures vanquished.

Notes
Turn   | Place    | Note
-------+----------+-------------------------------------------
     0 | D:1      | doot the Felid Warper began the quest for the Orb.
     0 | D:1      | Reached XP level 1. HP: 9/9 MP: 4/4
   133 | D:1      | Reached XP level 2. HP: 11/13 MP: 6/6
   142 | D:1      | Learned a level 2 spell: Blink
   145 | D:1      | Learned a level 2 spell: Shroud of Golubria
   572 | D:1      | Slain by a goblin

Action                   || total
-------------------------++-------
Melee: Unarmed           ||    47
       Bite              ||     3
 Cast: Shroud of Golubri ||     1
 Stab: Sleeping          ||     4
Armor: Skin              ||     1
Dodge: Dodged            ||    37
